Map: Automaton LE

Players

ELPERROTE

  • Race: Protoss Protoss
  • League: Silver
  • Spawn Location: 9:00

Smileblind - Winner!

  • Race: Protoss Protoss
  • League: Silver
  • Spawn Location: 3:00

VOD

Have the link to the VOD?

Description

Time

  • Played on: Feb. 3, 2019, 9:47 p.m.
  • Length: 25:28
Show
View Real Time Build Order
Export as new Build Order

ELPERROTE Protoss 

Build Orders:  

Get SALT Encoding   

  12  0:19  Pylon  
  12  0:26  Pylon  
  12  0:39  Gateway  
  12  0:50  Forge  
  12  0:54  Probe  
  12  1:02  Probe  
  13  1:09  Assimilator  
  14  1:33  Assimilator  
  14  1:40  Pylon  
  14  1:45  Pylon  
  14  1:55  Photon Cannon  
  14  2:01  Photon Cannon  
  14  2:03  Probe  
  15  2:12  Probe  
  15  2:21  Probe  
  17  2:33  Probe  
  17  2:34  Cybernetics Core  
  18  2:58  Probe  
  19  3:06  Probe  
  20  3:13  Stargate  
  20  3:15  Probe  
  21  3:27  Probe  
  21  3:29  Stargate  
  22  3:39  Probe  
  23  3:50  Void Ray  
  27  4:03  Void Ray  
  31  4:33  Nexus  
  31  4:40  Assimilator  
  31  4:45  Assimilator  
  31  4:51  Pylon  
  31  4:56  Pylon  
  31  5:05  Pylon  
  31  5:44  Probe  
  31  5:45  Nexus  
  32  5:52  Probe  
  32  5:56  Assimilator  
  33  6:01  Assimilator, Probe  
  27  6:14  Probe x2  
  29  6:23  Probe  
  29  6:31  Probe x2  
  32  6:40  Probe  
  32  6:43  Probe  
  34  6:48  Photon Cannon  
  34  6:52  Probe x2  
  35  6:54  Photon Cannon  
  35  7:00  Probe  
  36  7:02  Probe  
  36  7:03  Probe  
  39  7:09  Probe  
  39  7:11  Probe x2  
  41  7:19  Probe  
  41  7:20  Probe  
  41  7:22  Probe  
  45  7:32  Probe  
  45  7:34  Probe  
  47  7:44  Probe  
  47  7:46  Probe  
  47  7:49  Void Ray x2  
  57  7:53  Probe  
  57  7:58  Probe  
  59  8:01  Probe  
  59  8:06  Pylon  
  59  8:09  Stargate  
  59  8:11  Probe  
  60  8:14  Stargate  
  61  8:20  Stargate  
  61  8:23  Probe  
  62  8:29  Stargate  
  62  8:35  Pylon, Probe  
  63  8:50  Probe  
  63  8:53  Photon Cannon  
  64  8:58  Probe x2  
  65  9:06  Probe  
  65  9:08  Probe  
  66  9:15  Void Ray  
  66  9:16  Probe, Void Ray x3  
  84  9:18  Void Ray  
  84  9:20  Probe  
  84  9:22  Void Ray  
  94  9:27  Cybernetics Core  
  94  9:28  Probe  
  95  9:32  Probe  
  96  9:40  Probe  
  97  9:47  Pylon  
  97  9:50  Pylon  
  97  9:54  Pylon  
  97  9:57  Pylon  
  97  10:01  Pylon  
  97  10:03  Void Ray x3  
  109  10:10  Protoss Air Weapons Level 1  
  109  10:12  Protoss Air Armor Level 1  
  109  10:20  Protoss Shields Level 1  
  109  10:24  Probe  
  110  10:36  Probe  
  110  10:41  Robotics Facility  
  111  10:43  Twilight Council  
  111  10:49  Fleet Beacon, Probe  
  112  11:10  Nexus  
  112  11:14  Assimilator  
  112  11:16  Void Ray x2  
  112  11:17  Void Ray  
  124  11:19  Assimilator  
  124  11:22  Void Ray  
  128  11:26  Pylon  
  128  11:29  Pylon  
  128  11:33  Pylon  
  128  11:36  Pylon  
  128  11:41  Pylon  
  128  11:49  Observer  
  129  12:05  Observer  
  129  12:08  Robotics Bay  
  130  12:18  Probe  
  131  12:26  Observer, Probe  
  131  12:36  Probe  
  133  12:48  Observer, Probe  
  135  13:00  Probe  
  135  13:04  Observer  
  137  13:17  Gravitic Boosters  
  137  13:20  Protoss Air Weapons Level 2, Observer  
  137  13:22  Protoss Air Armor Level 2  
  137  13:25  Protoss Shields Level 2  
  138  13:42  Observer  
  139  14:03  Observer  
  140  14:13  Probe  
  141  14:21  Probe  
  141  14:25  Observer  
  141  14:31  Probe  
  144  14:43  Probe  
  145  14:46  Observer  
  146  14:55  Probe  
  147  15:03  Void Ray x3  
  147  15:04  Void Ray x3  
  171  15:07  Observer, Probe  
  171  15:08  Nexus  
  171  15:13  Stargate  
  173  15:18  Stargate  
  173  15:21  Stargate  
  173  15:24  Stargate  
  173  15:27  Stargate  
  173  15:29  Observer  
  173  15:32  Stargate  
  174  15:36  Pylon  
  174  15:39  Pylon  
  174  15:43  Pylon  
  174  15:48  Pylon  
  174  15:50  Observer  
  174  15:52  Protoss Air Weapons Level 3  
  174  15:54  Protoss Air Armor Level 3  
  175  15:57  Protoss Shields Level 3  
  175  16:12  Observer  
  176  16:27  Observer  
  177  16:44  Observer  
  178  16:59  Void Ray  
  178  17:00  Void Ray x3  
  178  17:01  Void Ray  
  198  17:06  Observer  
  199  17:27  Observer  
  200  17:50  Stargate  
  200  17:54  Stargate  
  200  17:57  Stargate  
  200  18:10  Stargate  
  200  18:12  Stargate  
  200  18:42  Assimilator  
  200  18:47  Assimilator  
  200  18:50  Pylon  
  200  18:54  Pylon  
  200  18:59  Pylon  
  200  19:02  Pylon  
  135  21:50  Void Ray x4  
  135  21:51  Void Ray x7  
  135  21:52  Void Ray  
  139  21:57  Void Ray x2  
  139  21:58  Void Ray x3  
  143  22:33  Void Ray x6  
  143  22:34  Void Ray x6  
  191  22:40  Void Ray x2  
  173  23:15  Void Ray  
Show
View Real Time Build Order
Export as new Build Order

Smileblind Protoss - Winner!

Build Orders: Carriers 

Get SALT Encoding   

  1  0:00  Probe  
  12  0:07  Probe  
  14  0:22  Probe  
  14  0:24  Pylon  
  15  0:42  Probe  
  16  0:46  Forge  
  16  0:54  Probe  
  16  0:55  Gateway  
  17  1:06  Assimilator, Probe  
  17  1:08  Assimilator  
  18  1:18  Probe  
  19  1:28  Photon Cannon  
  19  1:30  Probe  
  20  1:38  Probe  
  20  1:43  Pylon  
  20  1:46  Probe  
  22  1:55  Cybernetics Core  
  22  1:56  Probe  
  22  1:57  Zealot  
  25  2:15  Photon Cannon  
  25  2:21  Warp Gate  
  25  2:38  Pylon  
  25  2:39  Probe  
  26  2:46  Stalker  
  26  2:51  Probe  
  29  2:59  Gateway  
  29  3:03  Probe  
  30  3:06  Gateway  
  30  3:15  Probe  
  31  3:24  Stargate  
  31  3:27  Probe  
  31  3:32  Twilight Council  
  32  3:39  Probe  
  33  3:42  Sentry  
  35  3:51  Probe  
  36  4:01  Charge  
  36  4:03  Probe  
  36  4:08  Nexus  
  37  4:22  Pylon  
  37  4:24  Pylon  
  37  4:40  Shield Battery  
  37  4:41  Oracle  
  37  4:44  Shield Battery  
  40  4:56  Dark Shrine  
  40  5:02  Assimilator  
  40  5:06  Assimilator  
  40  5:07  Probe  
  41  5:19  Probe  
  42  5:21  Pylon  
  42  5:23  Pylon  
  42  5:25  Probe  
  43  5:33  Probe  
  43  5:41  Probe x2  
  45  5:49  Probe  
  46  5:53  Probe  
  48  6:00  Probe  
  49  6:05  Probe  
  47  6:12  Probe  
  47  6:14  Void Ray  
  47  6:16  Protoss Air Weapons Level 1  
  47  6:17  Probe  
  47  6:18  Stalker  
  55  6:21  Stalker  
  57  6:35  Photon Cannon  
  57  6:39  Stalker  
  59  6:42  Dark Templar  
  61  6:47  Dark Templar  
  63  6:56  Void Ray  
  67  7:04  Photon Cannon, Probe  
  68  7:16  Probe, Protoss Ground Weapons Level 1  
  69  7:23  Stalker x2  
  69  7:24  Stalker  
  75  7:40  Nexus  
  73  7:45  Void Ray  
  73  7:54  Pylon  
  73  7:56  Pylon  
  77  7:58  Pylon  
  77  8:02  Blink  
  77  8:05  Dark Templar  
  77  8:07  Dark Templar  
  77  8:12  Archon  
  81  8:22  Gateway  
  81  8:23  Gateway  
  81  8:28  Void Ray  
  81  8:30  Robotics Facility  
  81  8:32  Dark Templar  
  87  8:44  Pylon  
  87  8:46  Pylon  
  87  8:49  Probe  
  88  8:56  Pylon  
  88  8:57  Probe  
  88  9:00  Assimilator  
  89  9:04  Assimilator  
  89  9:07  Stargate, Probe  
  90  9:15  Shield Battery  
  90  9:16  Shield Battery  
  90  9:17  Probe  
  90  9:18  Shield Battery  
  90  9:23  Observer  
  92  9:25  Shield Battery  
  92  9:26  Probe  
  92  9:27  Shield Battery  
  93  9:34  Probe  
  94  9:44  Observer  
  94  9:45  Fleet Beacon, Probe  
  96  9:57  Probe  
  97  10:05  Protoss Ground Weapons Level 2  
  97  10:06  Observer  
  98  10:09  Probe  
  103  10:20  Zealot x2  
  107  10:22  Nexus  
  107  10:26  Pylon  
  107  10:27  Observer  
  108  10:30  Pylon  
  108  10:31  Pylon  
  115  10:51  Stargate  
  115  10:55  Carrier x2  
  117  11:00  Immortal  
  120  11:04  Probe  
  121  11:12  Probe  
  121  11:18  Protoss Air Weapons Level 2  
  122  11:19  Templar Archives  
  122  11:22  Probe  
  122  11:25  Mothership  
  123  11:34  Probe  
  132  11:45  Probe x2  
  133  11:53  Probe x2  
  134  12:00  Carrier  
  142  12:01  Probe  
  142  12:03  Probe  
  144  12:10  Carrier  
  144  12:12  Probe  
  144  12:15  Psionic Storm, Probe  
  152  12:21  Pylon  
  152  12:23  Pylon  
  152  12:24  Probe  
  152  12:27  Probe, Tempest  
  159  12:42  Probe  
  159  12:44  Shield Battery  
  159  12:50  Probe  
  160  12:51  Shield Battery  
  160  12:52  Assimilator  
  160  12:57  Assimilator  
  161  12:59  Probe  
  161  13:02  Shield Battery  
  161  13:04  Shield Battery, Carrier  
  166  13:06  Shield Battery  
  166  13:12  Probe  
  173  13:20  Carrier x2  
  173  13:24  Probe  
  180  13:28  Gateway  
  180  13:31  Gateway  
  180  13:33  Gateway  
  180  13:35  Shield Battery  
  180  13:36  Probe  
  180  13:38  Shield Battery  
  181  13:48  Probe  
  182  14:00  Probe  
  182  14:09  High Templar, Carrier  
  190  14:10  High Templar x2  
  194  14:17  High Templar  
  194  14:18  High Templar  
  198  14:26  Protoss Air Weapons Level 3  
  198  14:30  Protoss Ground Weapons Level 3  
  198  15:06  Cybernetics Core  
  198  15:09  Forge  
  198  15:14  Pylon  
  198  15:16  Pylon  
  198  15:19  Pylon  
  198  15:35  Photon Cannon  
  198  15:38  Shield Battery  
  198  15:39  Shield Battery  
  198  15:44  Shield Battery  
  198  15:47  Pylon  
  198  15:49  Pylon  
  198  15:52  Pylon  
  198  15:58  Pylon  
  198  15:59  Pylon  
  192  16:31  Stalker x4  
  200  16:34  Protoss Air Armor Level 1  
  200  16:37  Shield Battery  
  200  16:38  Shield Battery  
  200  16:39  Photon Cannon  
  200  16:41  Photon Cannon  
  200  16:43  Photon Cannon  
  200  16:45  Photon Cannon  
  200  16:49  Photon Cannon, Pylon  
  200  16:50  Pylon  
  200  16:51  Pylon  
  200  16:52  Pylon  
  200  16:53  Photon Cannon  
  200  16:54  Protoss Ground Armor Level 1  
  200  16:55  Photon Cannon  
  200  16:57  Photon Cannon  
  200  16:59  Photon Cannon x2  
  200  17:02  Shield Battery  
  200  17:03  Photon Cannon  
  200  17:04  Shield Battery  
  200  17:06  Photon Cannon  
  200  17:07  Shield Battery  
  200  17:08  Photon Cannon  
  200  17:13  Gateway, Shield Battery  
  200  17:15  Gateway, Photon Cannon  
  200  17:16  Photon Cannon  
  200  17:17  Gateway  
  200  17:20  Gateway  
  200  17:22  Gateway  
  200  17:27  Gateway  
  200  17:30  Nexus  
  200  17:34  Assimilator  
  200  17:35  Assimilator  
  200  17:38  Gateway x2  
  200  17:40  Gateway x2  
  200  17:42  Photon Cannon  
  200  17:44  Photon Cannon  
  200  17:45  Photon Cannon  
  200  17:46  Photon Cannon  
  200  17:47  Photon Cannon  
  200  17:48  Photon Cannon x2  
  200  17:49  Photon Cannon  
  200  17:58  Photon Cannon  
  200  17:59  Photon Cannon  
  200  18:00  Photon Cannon  
  200  18:01  Photon Cannon  
  200  18:09  Photon Cannon  
  200  18:10  Photon Cannon  
  200  18:11  Protoss Shields Level 1  
  200  18:14  Shield Battery  
  200  18:16  Shield Battery  
  200  18:18  Shield Battery  
  200  18:19  Protoss Air Armor Level 2  
  200  18:39  Forge  
  200  18:55  Protoss Ground Armor Level 2  
  200  19:17  Pylon  
  200  19:20  Pylon  
  200  19:23  Shield Battery  
  200  19:25  Shield Battery  
  200  19:28  Shield Battery  
  200  19:32  Shield Battery  
  200  19:37  Pylon  
  200  19:40  Pylon  
  200  19:43  Pylon  
  200  19:57  Pylon  
  200  19:59  Pylon  
  200  20:06  Pylon  
  200  20:23  Shield Battery  
  200  20:24  Shield Battery  
  200  20:33  Protoss Air Armor Level 3  
  200  20:35  Shield Battery  
  200  20:36  Protoss Shields Level 2  
  200  20:57  Pylon  
  200  21:00  Pylon  
  200  21:05  Pylon  
  200  21:08  Pylon  
  198  21:27  Photon Cannon  
  198  21:28  Photon Cannon, Zealot  
  198  21:29  Photon Cannon  
  184  21:56  Dark Templar  
  184  21:57  Dark Templar x5  
  184  21:58  Dark Templar x2  
  200  22:19  Shield Battery  
  200  22:22  Shield Battery  
  200  22:27  Shield Battery  
  200  22:32  Pylon  
  200  22:39  Pylon  
  177  24:18  Zealot  
  177  24:19  Zealot x2  
  171  24:47  Stalker x5  
Tags
 
Composition
Carriers
Matchup
PvP
Spawn Locations
Cross Positions
Add a new tag
Caveats
  • Supply blocks, unpowered buildings, or Contaminate may cause inaccurate times.
  • Supply counts are checked every 10 seconds.